 Dungeon Crawl Stone Soup version 0.18.1-5-g4a78601 (webtiles) character file.

49 Esekla the Magician (level 3, 0/20 HPs)
             Began as a Deep Elf Transmuter on May 15, 2016.
             Succumbed to an adder's poison
             ... on level 2 of the Dungeon.
             The game lasted 00:16:37 (1358 turns).

Esekla the Magician (Deep Elf Transmuter)           Turns: 1358, Time: 00:16:37

Health: 0/20       AC:  7    Str:  7    XL:     3   Next: 53%
Magic:  9/9        EV: 19    Int: 17    God:
Gold:   14         SH:  0    Dex: 21    Spells: 1 memorised, 7 levels left

rFire  . . .     SeeInvis .     d - +0 dagger
rCold  . . .     Gourm    .     o - +0 robe
rNeg   . . .     Faith    .     (no shield)
rPois  .         Spirit   .     r - +0 helmet
rElec  .         Dismiss  .     (no cloak)
rCorr  .         Reflect  .     k - +0 pair of gloves
SustAt .         Harm     .     i - +2 pair of boots
MR     .....                    (no amulet)
Stlth  +++.......               (no ring)
                                (no ring)

@: agile, lethally poisoned (0 -> -14), about to teleport, not resistant to
hostile enchantments, fairly stealthy
A: no striking features
a: no special abilities


You were on level 2 of the Dungeon.
You were not hungry.

You visited 1 branch of the dungeon, and saw 2 of its levels.

You collected 14 gold pieces.

Inventory:

Hand Weapons
 d - a +0 dagger (weapon)
Missiles
 a - 65 arrows
 g - 100 stones (quivered)
 q - 2 tomahawks
Armour
 i - a +2 pair of boots (worn)
 j - a +0 leather armour
 k - a +0 pair of gloves (worn)
 m - a +0 leather armour
 o - a +0 robe (worn)
 r - a +0 helmet (worn)
Scrolls
 h - a scroll of teleportation
 p - a scroll of fog {unknown}
 s - 2 scrolls of remove curse
Books
 c - a book of Changes

   Spells                             Type                      Level
   a - Beastly Appendage              Transmutation                1
   b - Sticks to Snakes               Transmutation                2
   c - Spider Form                    Transmutation/Poison         3
   d - Ice Form                       Ice/Transmutation            4
   e - Blade Hands                    Transmutation                5
Comestibles
 n - 3 beef jerkies


   Skills:
 - Level 1.2 Fighting
 + Level 2.6 Short Blades
 + Level 2.8 Dodging
 - Level 2.4 Unarmed Combat
 - Level 3.0 Spellcasting
 - Level 2.1 Transmutations


You had 7 spell levels left.
You knew the following spells:

 Your Spells              Type           Power        Failure   Level  Hunger
a - Beastly Appendage     Trmt           ##....       10%         1    None


Dungeon Overview and Level Annotations

Branches:
Dungeon (2/15)

Altars:


Message History

You feel sick. The adder closely misses you.
Read which item? (? for menu, Esc to quit)
As you read the scroll labeled CILE XEUMYT, it crumbles to dust.
You feel blessed for a moment.
It was a scroll of remove curse.
The adder bites you.
* * * LOW HITPOINT WARNING * * *
You are more poisoned.
The adder poisons you! The adder completely misses you.
Read which item? (? for menu, Esc to quit)
As you read the scroll labeled KUSANLERANK, it crumbles to dust.
You feel strangely unstable.
It was a scroll of teleportation.
* * * LOW HITPOINT WARNING * * *
You feel sick. The adder completely misses you.
Read which item? (? for menu, Esc to quit)
As you read the scroll labeled ALONIHUVEU, it crumbles to dust.
You feel aware of your surroundings.
You sensed 1 altar.
It was a scroll of magic mapping.
* * * LOW HITPOINT WARNING * * *
You feel sick. The adder completely misses you.
You die...

#........#.........####........
##.......+.........+...........
##...####.........####...####.
##..# *#.......#* ##...# #.
#...# *#$....#* #.#.# #. #.###
*#whh#* #.#.# #. #.# ##S##
#.#.###. #.# #.# #....... #.#
#######@# ###.#### #.#
#.......#* #.# #.# #.#####..#*
#.# #.####.# #...# #.# #......#
#..## #.# ######.# #.##
*******#.#
#.#***#.#***,,,,,,..*
#..,,,...,,,,********
#.##***.#*****


You could see a worm, an adder and 2 jackals.

Vanquished Creatures
  An adder (D:2)
  An ooze (D:1)
  2 giant geckos (D:1)
  3 giant cockroaches (D:1)
  8 goblins
  A hobgoblin (D:1)
  4 jackals (D:2)
  4 bats (D:1)
  3 giant newts
  A kobold (D:1)
  7 rats
35 creatures vanquished.

Notes
Turn   | Place    | Note
--------------------------------------------------------------
     0 | D:1      | Esekla the Deep Elf Transmuter began the quest for the Orb.
     0 | D:1      | Reached XP level 1. HP: 11/11 MP: 6/6
    48 | D:1      | Reached skill level 1 in Fighting
   203 | D:1      | Reached skill level 1 in Short Blades
   208 | D:1      | Reached XP level 2. HP: 8/16 MP: 8/8
   919 | D:1      | Reached XP level 3. HP: 20/20 MP: 9/9
  1357 | D:2      | HP: 1/20 [poisoned by an adder]
  1358 | D:2      | Succumbed to an adder's poison

Skill      XL: |  1  2 |
---------------+-------+-----
Fighting       | 1 |  1.2
Short Blades   | 1 2 |  2.6
Dodging        | |  2.8
Unarmed Combat | |  2.4
Spellcasting   | |  3.0
Transmutations | |  2.1

Action                   || total
-------------------------++-------
Melee: Unarmed           ||    20
       Dagger            ||   164
       Punch             ||     3
Throw: Stone             ||    19
  Use: Scroll            ||     3
       Potion            ||     1
 Stab: Sleeping          ||     2
  Eat: Bread ration      ||     1
Armor: Robe              ||    10
       Leather armour    ||    44
Dodge: Dodged            ||   111
